NEW JERSEY Devils vs COLUMBUS Blue Jackets

Created - 26 février 2024 at 23:15

Goals
1 2 3 OT1 T
NEW JERSEY Devils 1 2 2 0 5
COLUMBUS Blue Jackets 3 2 0 1 6
Shots
1 2 3 OT1 T
NEW JERSEY Devils 6 6 14 1 27
COLUMBUS Blue Jackets 13 11 15 5 44

1st period

1. NEW JERSEY Devils , Jack Hughes 15 (James van Riemsdyk 9, Ryan Graves 19) at 0:26
2. COLUMBUS Blue Jackets , Artturi Lehkonen 16 (Anthony Cirelli 23, Blake Coleman 13) at 8:17
3. COLUMBUS Blue Jackets , Ryan Pulock 6 (Anthony Cirelli 24) at 8:49
4. COLUMBUS Blue Jackets , Martin Fehervary 5 (Ondrej Palat 8) at 18:03 (PP)

Penalties :
Anthony Cirelli (CLB) for Tripping (Minor) at 2:13, Alexander Petrovic (NJD) for Tripping (Minor) at 17:51

2nd period

5. NEW JERSEY Devils , Kyle Okposo 7 (James van Riemsdyk 10, Jack Hughes 13) at 0:29
6. NEW JERSEY Devils , Andreas Athanasiou 6 (Adam Boqvist 11, J.T. Compher 14) at 1:13
7. COLUMBUS Blue Jackets , Anthony Cirelli 12 (Dmitry Orlov 19) at 10:14
8. COLUMBUS Blue Jackets , Ondrej Palat 7 (Evan Rodrigues 12, Dmitry Orlov 20) at 15:30 (PP)

Penalties :
Alexander Petrovic (NJD) for Cross-checking (Minor) at 7:01, Alexander Petrovic (NJD) for Roughing (Minor) at 14:11, Bowen Byram (NJD) for Roughing (Minor) at 17:32

3rd period

9. NEW JERSEY Devils , J.T. Compher 15 (Andreas Athanasiou 12, Adam Boqvist 12) at 7:00
10. NEW JERSEY Devils , Thomas Novak 1 (J.T. Compher 15, Chris Wideman 6) at 11:11

Penalties :
Alexander Petrovic (NJD) for Interference (Minor) at 2:51, Chris Wideman (NJD) for Slashing (Minor) at 16:48, Alexander Petrovic (NJD) for Interference (Minor) at 19:05

Overtime #1

11. COLUMBUS Blue Jackets , Zemgus Girgensons 5 (Anthony Cirelli 25, Matt Benning 6) at 2:32

Penalties :
No Penalty

Goalie Stats

Antti Raanta (NJD), 23 saves from 24 shots - (0,958), OTL, 9-9-3, 27:03 minutes
Jake Allen (NJD), 15 saves from 20 shots - (0,750), 35:30 minutes
Thatcher Demko (CLB), 22 saves from 27 shots - (0,815), W, 14-14-3, 62:33 minutes

Players Stats for NEW JERSEY Devils

Player Name              G  A  P  +/- PIM S  H  SB GA TA FO     MP     PP MP  PK MP  
------------------------------------------------------------------------------------
Adam Boqvist             0  2  2   2  0   0  2  1  0  0  0/0    22:54   0:57   5:42 
Alexander Petrovic       0  0  0   0  10  1  3  1  0  0  0/0    12:27   0:00   1:09 
Andreas Athanasiou       1  1  2  -1  0   2  1  0  0  0  0/0    16:52   0:57   0:49 
Bowen Byram              0  0  0   0  2   1  2  1  0  0  0/0    25:58   1:02   4:11 
Chris Wideman            0  1  1  -1  2   1  0  0  0  0  0/0    12:30   0:00   0:24 
Connor Brown             0  0  0   0  0   0  0  0  0  0  0/0     5:26   0:00   0:24 
Gabriel Landeskog        0  0  0   0  0   0  1  0  0  0  4/7     5:02   0:00   0:00 
J.T. Compher             1  2  3  -1  0   4  2  2  0  0  11/23  20:25   0:57   3:38 
Jack Hughes              1  1  2   2  0   4  0  1  0  0  15/47  26:53   1:02   6:49 
Jake Bean                0  0  0   2  0   0  1  2  0  0  0/0    22:10   0:57   5:42 
James van Riemsdyk       0  2  2   2  0   0  5  2  0  0  0/0    23:15   1:02   3:11 
Joel Armia               0  0  0   0  0   2  1  0  0  0  1/3    11:33   0:00   1:35 
Kyle Okposo              1  0  1   2  0   2  5  0  0  0  2/3    25:49   1:02   5:45 
Miles Wood               0  0  0   0  0   3  0  0  0  0  0/1     5:02   0:00   0:00 
Oskar Lindblom           0  0  0   0  0   2  0  0  0  0  1/1     9:14   0:00   0:00 
Ryan Donato              0  0  0   0  0   0  1  0  0  0  4/10   10:11   0:57   0:00 
Ryan Graves              0  1  1   0  0   2  5  2  0  0  0/0    27:08   1:02   5:20 
Thomas Novak             1  0  1   0  0   3  0  1  0  0  1/2    14:22   0:00   0:00 

Players Stats for COLUMBUS Blue Jackets

Player Name              G  A  P  +/- PIM S  H  SB GA TA FO     MP     PP MP  PK MP  
------------------------------------------------------------------------------------
Andre Burakovsky         0  0  0  -2  0   3  3  0  0  0  0/1    15:21   0:00   0:00 
Anthony Cirelli          1  3  4   2  2   6  1  0  0  0  20/34  23:18   5:29   0:00 
Artturi Lehkonen         1  0  1   1  0   6  2  0  0  0  1/1    23:35   5:29   0:00 
Blake Coleman            0  1  1   1  0   2  2  1  0  0  2/2    23:29   5:29   0:46 
Calvin de Haan           0  0  0  -1  0   0  0  0  0  0  0/0    12:19   0:00   0:00 
Dmitry Orlov             0  2  2   1  0   8  2  2  0  0  0/0    25:10   5:48   0:58 
Eric Staal               0  0  0   0  0   1  0  0  0  0  11/16  10:57   0:00   0:46 
Evan Rodrigues           0  1  1   0  0   3  0  0  0  0  6/10   15:24   4:52   1:13 
Jake Evans               0  0  0  -1  0   0  1  0  0  0  4/10    6:51   0:00   0:00 
Kailer Yamamoto          0  0  0  -2  0   3  1  0  0  0  0/0    18:58   4:42   0:00 
Lars Eller               0  0  0  -2  0   1  1  0  0  0  13/22  15:21   0:00   0:00 
Martin Fehervary         1  0  1  -2  0   2  4  1  0  0  0/0    23:36   4:33   1:01 
Matt Benning             0  1  1   0  0   0  2  2  0  0  0/0    12:55   0:00   0:00 
Neal Pionk               0  0  0  -2  0   1  1  0  0  0  0/0    23:36   4:33   1:01 
Ondrej Palat             1  1  2   0  0   4  2  0  0  0  1/1    14:11   4:52   0:00 
Ryan Pulock              1  0  1   1  0   2  0  1  0  0  0/0    26:02   5:48   0:58 
Travis Boyd              0  0  0  -1  0   1  1  0  0  0  0/0     7:01   0:10   0:00 
Zemgus Girgensons        1  0  1   0  0   1  0  0  0  0  0/0     8:40   0:00   1:13 

3 Stars

1 - Anthony Cirelli (CLB)
2 - James van Riemsdyk (NJD)
3 - Kyle Okposo (NJD)

Power Play

NEW JERSEY Devils - 0 on 1 Attempt(s) - 0,00%
COLUMBUS Blue Jackets - 2 on 7 Attempt(s) - 28,57%

Penalty Kill

NEW JERSEY Devils - 5 on 7 Attempt(s) - 71,43% - Score 0 goal in Penalty Kill
COLUMBUS Blue Jackets - 1 on 1 Attempt(s) - 100,00% - Score 0 goal in Penalty Kill

Team Stat

NEW JERSEY Devils - Hits : 29 - Faceoff Wins : 39 - Blocked Shots : 13 - Penalty Minutes : 14
COLUMBUS Blue Jackets - Hits : 23 - Faceoff Wins : 58 - Blocked Shots : 7 - Penalty Minutes : 2

Official

Referees : Jacqueline Howard and Chris Lee
Linesman : David Brisebois and Mark Shewchyk

Game Notes

Antti Raanta enters game at 15:30 of 2nd period

Finance

Level 1 -- Attendance: 4862 (80,36%) -- Ticket Income $481,338
Level 2 -- Attendance: 4163 (82,44%) -- Ticket Income $245,617
Level 3 -- Attendance: 1954 (94,17%) -- Ticket Income $72,298
Level 4 -- Attendance: 4103 (100,00%) -- Ticket Income $61,545
Luxury Box -- Attendance: 765 (75,97%) -- Ticket Income $159,120
Game was played at the Nationwide Arena.
Total Attendance: 15847 (86,67%)
Total Ticket Income: $1,019,918
Other Income: $254,980
Total Income: $1,274,898

NEW JERSEY Devils

5 vs 5 Forward 
   Center                   Left Wing                Right Wing               Time % Phy DF OF 
 1 Jack Hughes              James van Riemsdyk       Kyle Okposo              40     1   2  2  
 2 J.T. Compher             Thomas Novak             Andreas Athanasiou       30     1   2  2  
 3 Ryan Donato              Oskar Lindblom           Joel Armia               20     1   2  2  
 4 Gabriel Landeskog        Miles Wood               Connor Brown             10     1   2  2  

5 vs 5 Defense 
   Defense                  Defense                                           Time % Phy DF OF 
 1 Ryan Graves              Bowen Byram                                       40     1   2  2  
 2 Adam Boqvist             Jake Bean                                         30     1   2  2  
 3 Chris Wideman            Alexander Petrovic                                20     1   2  2  
 4 Ryan Graves              Bowen Byram                                       10     1   2  2  

PowerPlay Forward 
   Center                   Left Wing                Right Wing               Time % Phy DF OF 
 1 Jack Hughes              James van Riemsdyk       Kyle Okposo              60     1   2  2  
 2 J.T. Compher             Ryan Donato              Andreas Athanasiou       40     1   2  2  

PowerPlay Defense
   Defense                  Defense                                           Time % Phy DF OF 
 1 Ryan Graves              Bowen Byram                                       60     1   2  2  
 2 Adam Boqvist             Jake Bean                                         40     1   2  2  

Penalty Kill 4 Players Forward 
   Center                   Wing                     Time % Phy DF OF 
 1 Jack Hughes              Kyle Okposo              60     1   2  2  
 2 J.T. Compher             James van Riemsdyk       40     1   2  2  

Penalty Kill 4 Players Defense
   Defense                  Defense                  Time % Phy DF OF 
 1 Ryan Graves              Bowen Byram              60     1   2  2  
 2 Adam Boqvist             Jake Bean                40     1   2  2  

Penalty Kill - 3 Players Forward 
   Forward                                           Time % Phy DF OF 
 1 Jack Hughes                                       60     1   2  2  
 2 Kyle Okposo                                       40     1   2  2  

Penalty Kill - 3 Players Defense
   Defense                  Defense                  Time % Phy DF OF 
 1 Ryan Graves              Bowen Byram              60     1   2  2  
 2 Adam Boqvist             Jake Bean                40     1   2  2  

4 vs 4 Forward 
   Center                   Wing                     Time % Phy DF OF 
 1 Jack Hughes              Kyle Okposo              60     1   2  2  
 2 J.T. Compher             James van Riemsdyk       40     1   2  2  

4 vs 4 Defense
   Defense                  Defense                  Time % Phy DF OF 
 1 Ryan Graves              Bowen Byram              60     1   2  2  
 2 Adam Boqvist             Jake Bean                40     1   2  2  

Last Minutes Offensive
   Center                   Left Wing                Right Wing               Defense                  Defense                  
   Jack Hughes              James van Riemsdyk       Kyle Okposo              Ryan Graves              Bowen Byram              

Last Minutes Defensive
   Center                   Left Wing                Right Wing               Defense                  Defense                  
   Jack Hughes              James van Riemsdyk       Kyle Okposo              Ryan Graves              Bowen Byram              

Goaltenders
Starting : Jake Allen               
Backup : Antti Raanta             

Extra Forwards
Normal : Ryan Donato, Oskar Lindblom, Joel Armia - PP : Ryan Donato, Oskar Lindblom - PK : Joel Armia
Extra Defensemen
Normal : Chris Wideman, Alexander Petrovic, Adam Boqvist - PP : Chris Wideman - PK : Alexander Petrovic, Adam Boqvist
Penalty Shots
Jack Hughes, Kyle Okposo, J.T. Compher, James van Riemsdyk, Oskar Lindblom

Scratches
Dustin Tokarski (Healthy), Alex Stalock (Healthy)

COLUMBUS Blue Jackets

5 vs 5 Forward 
   Center                   Left Wing                Right Wing               Time % Phy DF OF 
 1 Anthony Cirelli          Artturi Lehkonen         Blake Coleman            40     0   3  2  
 2 Lars Eller               Andre Burakovsky         Kailer Yamamoto          30     0   3  2  
 3 Eric Staal               Evan Rodrigues           Ondrej Palat             20     0   4  1  
 4 Jake Evans               Zemgus Girgensons        Travis Boyd              10     0   4  1  

5 vs 5 Defense 
   Defense                  Defense                                           Time % Phy DF OF 
 1 Dmitry Orlov             Ryan Pulock                                       40     0   3  2  
 2 Neal Pionk               Martin Fehervary                                  30     0   4  1  
 3 Matt Benning             Calvin de Haan                                    20     0   5  0  
 4 Dmitry Orlov             Ryan Pulock                                       10     1   3  1  

PowerPlay Forward 
   Center                   Left Wing                Right Wing               Time % Phy DF OF 
 1 Anthony Cirelli          Artturi Lehkonen         Blake Coleman            60     0   1  4  
 2 Evan Rodrigues           Ondrej Palat             Kailer Yamamoto          40     0   1  4  

PowerPlay Defense
   Defense                  Defense                                           Time % Phy DF OF 
 1 Dmitry Orlov             Ryan Pulock                                       60     0   1  4  
 2 Neal Pionk               Martin Fehervary                                  40     0   1  4  

Penalty Kill 4 Players Forward 
   Center                   Wing                     Time % Phy DF OF 
 1 Evan Rodrigues           Zemgus Girgensons        60     0   5  0  
 2 Eric Staal               Blake Coleman            40     0   5  0  

Penalty Kill 4 Players Defense
   Defense                  Defense                  Time % Phy DF OF 
 1 Dmitry Orlov             Ryan Pulock              60     0   5  0  
 2 Neal Pionk               Martin Fehervary         40     0   5  0  

Penalty Kill - 3 Players Forward 
   Forward                                           Time % Phy DF OF 
 1 Artturi Lehkonen                                  60     0   5  0  
 2 Anthony Cirelli                                   40     0   5  0  

Penalty Kill - 3 Players Defense
   Defense                  Defense                  Time % Phy DF OF 
 1 Dmitry Orlov             Ryan Pulock              60     0   5  0  
 2 Neal Pionk               Martin Fehervary         40     0   5  0  

4 vs 4 Forward 
   Center                   Wing                     Time % Phy DF OF 
 1 Lars Eller               Andre Burakovsky         60     0   3  2  
 2 Artturi Lehkonen         Evan Rodrigues           40     0   3  2  

4 vs 4 Defense
   Defense                  Defense                  Time % Phy DF OF 
 1 Dmitry Orlov             Ryan Pulock              60     0   4  1  
 2 Neal Pionk               Martin Fehervary         40     0   4  1  

Last Minutes Offensive
   Center                   Left Wing                Right Wing               Defense                  Defense                  
   Anthony Cirelli          Artturi Lehkonen         Blake Coleman            Dmitry Orlov             Ryan Pulock              

Last Minutes Defensive
   Center                   Left Wing                Right Wing               Defense                  Defense                  
   Anthony Cirelli          Artturi Lehkonen         Blake Coleman            Dmitry Orlov             Ryan Pulock              

Goaltenders
Starting : Thatcher Demko           
Backup : Mackenzie Blackwood      

Extra Forwards
Normal : Travis Boyd, Anthony Cirelli, Zemgus Girgensons - PP : Blake Coleman, Travis Boyd - PK : Lars Eller
Extra Defensemen
Normal : Matt Benning, Calvin de Haan, Neal Pionk - PP : Matt Benning - PK : Calvin de Haan, Neal Pionk
Penalty Shots
Artturi Lehkonen, Anthony Cirelli, Blake Coleman, Evan Rodrigues, Kailer Yamamoto

Scratches
Max Pacioretty (Healthy)

% Time on Ice - NEW JERSEY Devils

Lines # - Real PCT - Wanted PCT - Time Play
Normal Forward
1 - 40% - 40% - 19:02
2 - 30% - 30% - 14:22
3 - 19% - 20% - 9:14
4 - 11% - 10% - 5:02
Normal Defense
1 - 39% - 40% - 18:37
2 - 33% - 30% - 15:31
3 - 24% - 20% - 11:23
4 - 5% - 10% - 2:09
PP Forward
1 - 52% - 60% - 1:02
2 - 48% - 40% - 0:57
PP Defense
1 - 52% - 60% - 1:02
2 - 48% - 40% - 0:57
PK Forward
1 - 69% - 60% - 7:10
2 - 31% - 40% - 3:11
PK Defense
1 - 48% - 60% - 5:01
2 - 52% - 40% - 5:20
PK3 Forward
1 - 100% - 60% - 1:05
2 - 0% - 40% - 0:00
PK3 Defense
1 - 66% - 60% - 0:43
2 - 34% - 40% - 0:22
44 Forward
1 - 0% - 60%
2 - 0% - 40%
44 Defense
1 - 0% - 60%
2 - 0% - 40%
Last Minute Offensive  - 0:00
Last Minute Defensive  - 0:00
Total
Forward - 61:05
Defense - 61:05

% Time on Ice - COLUMBUS Blue Jackets

Lines # - Real PCT - Wanted PCT - Time Play
Normal Forward
1 - 36% - 40% - 17:14
2 - 30% - 30% - 14:16
3 - 20% - 20% - 9:19
4 - 14% - 10% - 6:51
Normal Defense
1 - 36% - 40% - 17:11
2 - 37% - 30% - 17:40
3 - 26% - 20% - 12:19
4 - 1% - 10% - 0:30
PP Forward
1 - 53% - 60% - 5:29
2 - 47% - 40% - 4:52
PP Defense
1 - 56% - 60% - 5:48
2 - 44% - 40% - 4:33
PK Forward
1 - 61% - 60% - 1:13
2 - 39% - 40% - 0:46
PK Defense
1 - 49% - 60% - 0:58
2 - 51% - 40% - 1:01
PK3 Forward
1 - 0% - 60%
2 - 0% - 40%
PK3 Defense
1 - 0% - 60%
2 - 0% - 40%
44 Forward
1 - 100% - 60% - 1:05
2 - 0% - 40% - 0:00
44 Defense
1 - 66% - 60% - 0:43
2 - 34% - 40% - 0:22
Last Minute Offensive  - 0:00
Last Minute Defensive  - 0:00
Total
Forward - 61:05
Defense - 61:05

Play-by-Play

1st period


0:01 of 1st period - Jack Hughes wins face-off versus Anthony Cirelli in neutral zone.
0:03 of 1st period - Ryan Graves is hit by Dmitry Orlov and loses puck.
0:26 of 1st period - Shot by Jack Hughes.
0:26 of 1st period - Goal by Jack Hughes - NEW JERSEY Devils : 1 - COLUMBUS Blue Jackets : 0.
0:27 of 1st period - Lars Eller wins face-off versus J.T. Compher in neutral zone.
1:07 of 1st period - Shot by Andre Burakovsky.
1:07 of 1st period - Deflect By Kailer Yamamoto.
1:07 of 1st period - Shot Blocked by Jake Bean.
1:14 of 1st period - Icing by Jake Bean.
1:15 of 1st period - Eric Staal wins face-off versus Thomas Novak in NEW JERSEY Devils zone.
1:20 of 1st period - Shot by Ondrej Palat.
1:20 of 1st period - Stopped by Jake Allen without a rebound.
1:21 of 1st period - Oskar Lindblom wins face-off versus Eric Staal in NEW JERSEY Devils zone.
1:39 of 1st period - Icing by Evan Rodrigues.
1:40 of 1st period - Evan Rodrigues wins face-off versus Jack Hughes in COLUMBUS Blue Jackets zone.
1:40 of 1st period - Evan Rodrigues is hit by James van Riemsdyk.
1:45 of 1st period - Icing by Matt Benning.
1:46 of 1st period - Eric Staal wins face-off versus Miles Wood in COLUMBUS Blue Jackets zone.
2:07 of 1st period - Shot by Evan Rodrigues.
2:07 of 1st period - Stopped by Jake Allen without a rebound.
2:08 of 1st period - Jack Hughes wins face-off versus Anthony Cirelli in NEW JERSEY Devils zone.
2:10 of 1st period - Icing by Kyle Okposo.
2:11 of 1st period - Anthony Cirelli wins face-off versus Jack Hughes in NEW JERSEY Devils zone.
2:13 of 1st period - Minor Penalty to Anthony Cirelli for Tripping.
2:14 of 1st period - Evan Rodrigues wins face-off versus Jack Hughes in COLUMBUS Blue Jackets zone.
2:23 of 1st period - Shot by Ryan Graves.
2:23 of 1st period - Shot Misses the Net.
2:25 of 1st period - Shot by Jack Hughes.
2:25 of 1st period - Shot Misses the Net.
2:27 of 1st period - Shot by Kyle Okposo.
2:27 of 1st period - Shot Misses the Net.
2:29 of 1st period - Shot by Jack Hughes.
2:29 of 1st period - Shot Misses the Net.
2:31 of 1st period - Shot by Bowen Byram.
2:31 of 1st period - Shot Blocked by Martin Fehervary.
2:57 of 1st period - Shot by Ryan Graves.
2:57 of 1st period - Stopped by Thatcher Demko without a rebound.
2:58 of 1st period - Eric Staal wins face-off versus J.T. Compher in COLUMBUS Blue Jackets zone.
2:58 of 1st period - Ryan Pulock is hit by Ryan Donato and loses puck.
3:27 of 1st period - Martin Fehervary is hit by Andreas Athanasiou and loses puck.
4:09 of 1st period - Icing by Jack Hughes.
4:10 of 1st period - Evan Rodrigues wins face-off versus Jack Hughes in NEW JERSEY Devils zone.
4:20 of 1st period - Miles Wood is hit by Andre Burakovsky and loses puck.
4:35 of 1st period - Shot by Miles Wood.
4:35 of 1st period - Stopped by Thatcher Demko without a rebound.
4:36 of 1st period - Anthony Cirelli wins face-off versus Jack Hughes in COLUMBUS Blue Jackets zone.
5:13 of 1st period - Shot by Artturi Lehkonen.
5:13 of 1st period - Stopped by Jake Allen with a rebound.
6:31 of 1st period - Icing by Matt Benning.
6:32 of 1st period - Gabriel Landeskog wins face-off versus Lars Eller in COLUMBUS Blue Jackets zone.
6:37 of 1st period - Shot by Bowen Byram.
6:37 of 1st period - Stopped by Thatcher Demko with a rebound.
6:49 of 1st period - Icing by Ryan Graves.
6:50 of 1st period - Anthony Cirelli wins face-off versus Gabriel Landeskog in NEW JERSEY Devils zone.
7:10 of 1st period - Icing by Bowen Byram.
7:11 of 1st period - Gabriel Landeskog wins face-off versus Eric Staal in NEW JERSEY Devils zone.
7:11 of 1st period - Gabriel Landeskog is hit by Ondrej Palat.
7:23 of 1st period - Shot by Miles Wood.
7:23 of 1st period - Shot Misses the Net.
8:02 of 1st period - Off-side.
8:03 of 1st period - J.T. Compher wins face-off versus Anthony Cirelli in neutral zone.
8:03 of 1st period - J.T. Compher is hit by Artturi Lehkonen.
8:15 of 1st period - Shot by Anthony Cirelli.
8:15 of 1st period - Shot Blocked by Alexander Petrovic.
8:17 of 1st period - Shot by Artturi Lehkonen.
8:17 of 1st period - Goal by Artturi Lehkonen - NEW JERSEY Devils : 1 - COLUMBUS Blue Jackets : 1.
8:18 of 1st period - Kyle Okposo wins face-off versus Lars Eller in neutral zone.
8:18 of 1st period - Kyle Okposo is hit by Kailer Yamamoto.
8:30 of 1st period - Shot by Jack Hughes.
8:30 of 1st period - Shot Blocked by Matt Benning.
8:47 of 1st period - Shot by Kailer Yamamoto.
8:47 of 1st period - Stopped by Jake Allen without a rebound.
8:48 of 1st period - Anthony Cirelli wins face-off versus J.T. Compher in NEW JERSEY Devils zone.
8:49 of 1st period - Shot by Ryan Pulock.
8:49 of 1st period - Goal by Ryan Pulock - NEW JERSEY Devils : 1 - COLUMBUS Blue Jackets : 2.
8:50 of 1st period - J.T. Compher wins face-off versus Anthony Cirelli in neutral zone.
8:50 of 1st period - Ryan Graves is hit by Anthony Cirelli and loses puck.
9:04 of 1st period - Shot by Blake Coleman.
9:04 of 1st period - Stopped by Jake Allen without a rebound.
9:05 of 1st period - Lars Eller wins face-off versus Jack Hughes in NEW JERSEY Devils zone.
9:11 of 1st period - James van Riemsdyk is hit by Lars Eller and loses puck.
9:15 of 1st period - Alexander Petrovic is hit by Andre Burakovsky and loses puck.
9:28 of 1st period - Shot by Andre Burakovsky.
9:28 of 1st period - Shot Misses the Net.
9:41 of 1st period - Jack Hughes is hit by Martin Fehervary and loses puck.
11:59 of 1st period - Matt Benning is hit by Alexander Petrovic.
12:10 of 1st period - Icing by Chris Wideman.
12:11 of 1st period - Jack Hughes wins face-off versus Jake Evans in NEW JERSEY Devils zone.
12:11 of 1st period - Jack Hughes is hit by Travis Boyd.
12:48 of 1st period - Zemgus Girgensons is hit by James van Riemsdyk and loses puck.
13:30 of 1st period - Shot by Lars Eller.
13:30 of 1st period - Deflect By Andre Burakovsky.
13:30 of 1st period - Stopped by Jake Allen without a rebound.
13:31 of 1st period - J.T. Compher wins face-off versus Anthony Cirelli in NEW JERSEY Devils zone.
13:46 of 1st period - Shot by J.T. Compher.
13:46 of 1st period - Shot Misses the Net.
13:52 of 1st period - Shot by J.T. Compher.
13:52 of 1st period - Stopped by Thatcher Demko without a rebound.
13:53 of 1st period - Joel Armia wins face-off versus Lars Eller in COLUMBUS Blue Jackets zone.
14:23 of 1st period - Joel Armia is hit by Dmitry Orlov and loses puck.
14:54 of 1st period - Shot by Neal Pionk.
14:54 of 1st period - Shot Blocked by Ryan Graves.
15:16 of 1st period - Shot by Artturi Lehkonen.
15:16 of 1st period - Stopped by Jake Allen without a rebound.
15:17 of 1st period - Eric Staal wins face-off versus Jack Hughes in NEW JERSEY Devils zone.
15:37 of 1st period - Matt Benning is hit by James van Riemsdyk and loses puck.
16:27 of 1st period - Shot by J.T. Compher.
16:27 of 1st period - Shot Misses the Net.
16:58 of 1st period - Andreas Athanasiou is hit by Jake Evans and loses puck.
17:51 of 1st period - Minor Penalty to Alexander Petrovic for Tripping.
17:52 of 1st period - Jack Hughes wins face-off versus Evan Rodrigues in NEW JERSEY Devils zone.
17:59 of 1st period - Shot by Dmitry Orlov.
17:59 of 1st period - Stopped by Jake Allen without a rebound.
18:00 of 1st period - Evan Rodrigues wins face-off versus Jack Hughes in NEW JERSEY Devils zone.
18:01 of 1st period - Shot by Ryan Pulock.
18:01 of 1st period - Stopped by Jake Allen without a rebound.
18:02 of 1st period - Ondrej Palat wins face-off versus Jack Hughes in NEW JERSEY Devils zone.
18:03 of 1st period - Shot by Martin Fehervary.
18:03 of 1st period - Goal by Martin Fehervary - NEW JERSEY Devils : 1 - COLUMBUS Blue Jackets : 3.
18:04 of 1st period - Lars Eller wins face-off versus Jack Hughes in neutral zone.
18:47 of 1st period - Kyle Okposo is hit by Andre Burakovsky.
19:33 of 1st period - Shot by Anthony Cirelli.
19:33 of 1st period - Shot Misses the Net.
19:41 of 1st period - Shot by Artturi Lehkonen.
19:41 of 1st period - Shot Misses the Net.
19:43 of 1st period - Shot by Dmitry Orlov.
19:43 of 1st period - Stopped by Jake Allen without a rebound.
19:44 of 1st period - J.T. Compher wins face-off versus Eric Staal in NEW JERSEY Devils zone.
19:51 of 1st period - Shot by J.T. Compher.
19:51 of 1st period - Stopped by Thatcher Demko without a rebound.
19:52 of 1st period - J.T. Compher wins face-off versus Eric Staal in COLUMBUS Blue Jackets zone.
19:54 of 1st period - Andreas Athanasiou is hit by Martin Fehervary and loses puck.
Goals for this period are 1 for NEW JERSEY Devils vs 3 for COLUMBUS Blue Jackets.
Shots for this period are 6 for NEW JERSEY Devils vs 13 for COLUMBUS Blue Jackets.

2nd period


0:01 of 2nd period - Anthony Cirelli wins face-off versus Jack Hughes in neutral zone.
0:01 of 2nd period - Ryan Pulock is hit by James van Riemsdyk and loses puck.
0:29 of 2nd period - Shot by Kyle Okposo.
0:29 of 2nd period - Goal by Kyle Okposo - NEW JERSEY Devils : 2 - COLUMBUS Blue Jackets : 3.
0:30 of 2nd period - Lars Eller wins face-off versus J.T. Compher in neutral zone.
0:32 of 2nd period - Neal Pionk is hit by Jake Bean and loses puck.
1:13 of 2nd period - Shot by Andreas Athanasiou.
1:13 of 2nd period - Goal by Andreas Athanasiou - NEW JERSEY Devils : 3 - COLUMBUS Blue Jackets : 3.
1:14 of 2nd period - Kyle Okposo wins face-off versus Anthony Cirelli in neutral zone.
1:16 of 2nd period - Off-side.
1:17 of 2nd period - Anthony Cirelli wins face-off versus Jack Hughes in neutral zone.
1:17 of 2nd period - Artturi Lehkonen is hit by James van Riemsdyk.
1:27 of 2nd period - Shot by Artturi Lehkonen.
1:27 of 2nd period - Shot Blocked by Bowen Byram.
1:29 of 2nd period - Shot by Anthony Cirelli.
1:29 of 2nd period - Stopped by Jake Allen without a rebound.
1:30 of 2nd period - Eric Staal wins face-off versus Ryan Donato in NEW JERSEY Devils zone.
1:49 of 2nd period - Shot by Eric Staal.
1:49 of 2nd period - Deflect By Evan Rodrigues.
1:49 of 2nd period - Stopped by Jake Allen without a rebound.
1:50 of 2nd period - Jack Hughes wins face-off versus Anthony Cirelli in NEW JERSEY Devils zone.
2:31 of 2nd period - Shot by Anthony Cirelli.
2:31 of 2nd period - Shot Misses the Net.
2:33 of 2nd period - Shot by Dmitry Orlov.
2:33 of 2nd period - Stopped by Jake Allen with a rebound.
2:35 of 2nd period - Shot by Ryan Pulock.
2:35 of 2nd period - Shot Misses the Net.
2:46 of 2nd period - Icing by Martin Fehervary.
2:47 of 2nd period - J.T. Compher wins face-off versus Lars Eller in COLUMBUS Blue Jackets zone.
3:07 of 2nd period - Icing by Thomas Novak.
3:08 of 2nd period - Eric Staal wins face-off versus J.T. Compher in NEW JERSEY Devils zone.
3:14 of 2nd period - Icing by Adam Boqvist.
3:15 of 2nd period - Eric Staal wins face-off versus J.T. Compher in NEW JERSEY Devils zone.
3:58 of 2nd period - Icing by Ondrej Palat.
3:59 of 2nd period - Eric Staal wins face-off versus Jack Hughes in COLUMBUS Blue Jackets zone.
5:10 of 2nd period - Shot by Joel Armia.
5:10 of 2nd period - Deflect By Oskar Lindblom.
5:10 of 2nd period - Stopped by Thatcher Demko without a rebound.
5:11 of 2nd period - Lars Eller wins face-off versus Gabriel Landeskog in COLUMBUS Blue Jackets zone.
5:11 of 2nd period - Lars Eller is hit by Gabriel Landeskog.
6:43 of 2nd period - Shot by Evan Rodrigues.
6:43 of 2nd period - Stopped by Jake Allen without a rebound.
6:44 of 2nd period - Ryan Donato wins face-off versus Anthony Cirelli in NEW JERSEY Devils zone.
6:44 of 2nd period - Ryan Donato is hit by Blake Coleman.
7:01 of 2nd period - Minor Penalty to Alexander Petrovic for Cross-checking.
7:02 of 2nd period - Anthony Cirelli wins face-off versus Jack Hughes in NEW JERSEY Devils zone.
7:05 of 2nd period - Shot by Blake Coleman.
7:05 of 2nd period - Shot Misses the Net.
7:59 of 2nd period - Shot by Martin Fehervary.
7:59 of 2nd period - Stopped by Jake Allen without a rebound.
8:00 of 2nd period - Jack Hughes wins face-off versus Evan Rodrigues in NEW JERSEY Devils zone.
8:13 of 2nd period - Shot by Ondrej Palat.
8:13 of 2nd period - Shot Misses the Net.
8:27 of 2nd period - Jake Bean is hit by Ondrej Palat and loses puck.
9:00 of 2nd period - Shot by Ryan Pulock.
9:00 of 2nd period - Shot Misses the Net.
9:16 of 2nd period - Icing by Calvin de Haan.
9:17 of 2nd period - Gabriel Landeskog wins face-off versus Jake Evans in COLUMBUS Blue Jackets zone.
9:25 of 2nd period - Connor Brown is hit by Matt Benning and loses puck.
9:31 of 2nd period - Connor Brown is hit by Matt Benning and loses puck.
9:36 of 2nd period - Shot by Gabriel Landeskog.
9:36 of 2nd period - Shot Misses the Net.
9:38 of 2nd period - Shot by Chris Wideman.
9:38 of 2nd period - Shot Blocked by Matt Benning.
9:42 of 2nd period - Shot by Miles Wood.
9:42 of 2nd period - Stopped by Thatcher Demko without a rebound.
9:43 of 2nd period - Artturi Lehkonen wins face-off versus J.T. Compher in COLUMBUS Blue Jackets zone.
10:14 of 2nd period - Shot by Anthony Cirelli.
10:14 of 2nd period - Goal by Anthony Cirelli - NEW JERSEY Devils : 3 - COLUMBUS Blue Jackets : 4.
10:15 of 2nd period - Lars Eller wins face-off versus Jack Hughes in neutral zone.
10:50 of 2nd period - Shot by Kyle Okposo.
10:50 of 2nd period - Shot Misses the Net.
10:52 of 2nd period - Shot by Kyle Okposo.
10:52 of 2nd period - Stopped by Thatcher Demko without a rebound.
10:53 of 2nd period - Thomas Novak wins face-off versus Anthony Cirelli in COLUMBUS Blue Jackets zone.
12:09 of 2nd period - Shot by Evan Rodrigues.
12:09 of 2nd period - Shot Blocked by J.T. Compher.
12:44 of 2nd period - Martin Fehervary is hit by Kyle Okposo and loses puck.
13:17 of 2nd period - Shot by Jack Hughes.
13:17 of 2nd period - Deflect By James van Riemsdyk.
13:17 of 2nd period - Shot Misses the Net.
14:11 of 2nd period - Minor Penalty to Alexander Petrovic for Roughing.
14:12 of 2nd period - Jack Hughes wins face-off versus Evan Rodrigues in NEW JERSEY Devils zone.
14:59 of 2nd period - Blake Coleman is hit by Adam Boqvist and loses puck.
15:30 of 2nd period - Shot by Ondrej Palat.
15:30 of 2nd period - Goal by Ondrej Palat - NEW JERSEY Devils : 3 - COLUMBUS Blue Jackets : 5.
15:30 of 2nd period - Antti Raanta enters game.
15:31 of 2nd period - Gabriel Landeskog wins face-off versus Jake Evans in neutral zone.
15:36 of 2nd period - Shot by Miles Wood.
15:36 of 2nd period - Stopped by Thatcher Demko without a rebound.
15:37 of 2nd period - Ryan Donato wins face-off versus Jake Evans in COLUMBUS Blue Jackets zone.
16:34 of 2nd period - Shot by Dmitry Orlov.
16:34 of 2nd period - Stopped by Antti Raanta with a rebound.
16:40 of 2nd period - Shot by Blake Coleman.
16:40 of 2nd period - Shot Blocked by James van Riemsdyk.
17:23 of 2nd period - Lars Eller is hit by Ryan Graves and loses puck.
17:31 of 2nd period - Andre Burakovsky is hit by Bowen Byram and loses puck.
17:32 of 2nd period - Minor Penalty to Bowen Byram for Roughing.
17:33 of 2nd period - Evan Rodrigues wins face-off versus Joel Armia in NEW JERSEY Devils zone.
18:08 of 2nd period - Shot by Neal Pionk.
18:08 of 2nd period - Shot Misses the Net.
18:10 of 2nd period - Shot by Ondrej Palat.
18:10 of 2nd period - Shot Misses the Net.
18:12 of 2nd period - Shot by Kailer Yamamoto.
18:12 of 2nd period - Stopped by Antti Raanta without a rebound.
18:13 of 2nd period - Blake Coleman wins face-off versus Jack Hughes in NEW JERSEY Devils zone.
18:25 of 2nd period - Icing by Dmitry Orlov.
18:26 of 2nd period - Anthony Cirelli wins face-off versus Jack Hughes in COLUMBUS Blue Jackets zone.
18:35 of 2nd period - Shot by Artturi Lehkonen.
18:35 of 2nd period - Deflect By Blake Coleman.
18:35 of 2nd period - Shot Misses the Net.
18:37 of 2nd period - Shot by Dmitry Orlov.
18:37 of 2nd period - Stopped by Antti Raanta with a rebound.
19:03 of 2nd period - Shot by Ryan Pulock.
19:03 of 2nd period - Shot Misses the Net.
19:05 of 2nd period - Shot by Blake Coleman.
19:05 of 2nd period - Deflect By Anthony Cirelli.
19:05 of 2nd period - Shot Misses the Net.
19:07 of 2nd period - Shot by Artturi Lehkonen.
19:07 of 2nd period - Deflect By Anthony Cirelli.
19:07 of 2nd period - Shot Misses the Net.
19:46 of 2nd period - Shot by Jake Evans.
19:46 of 2nd period - Deflect By Travis Boyd.
19:46 of 2nd period - Stopped by Antti Raanta without a rebound.
19:47 of 2nd period - Lars Eller wins face-off versus Ryan Donato in NEW JERSEY Devils zone.
Goals for this period are 2 for NEW JERSEY Devils vs 2 for COLUMBUS Blue Jackets.
Shots for this period are 6 for NEW JERSEY Devils vs 11 for COLUMBUS Blue Jackets.

3rd period


0:01 of 3rd period - Anthony Cirelli wins face-off versus Kyle Okposo in neutral zone.
0:12 of 3rd period - Shot by Jack Hughes.
0:12 of 3rd period - Stopped by Thatcher Demko without a rebound.
0:13 of 3rd period - Lars Eller wins face-off versus J.T. Compher in COLUMBUS Blue Jackets zone.
0:15 of 3rd period - Kailer Yamamoto is hit by J.T. Compher and loses puck.
0:20 of 3rd period - Shot by Thomas Novak.
0:20 of 3rd period - Stopped by Thatcher Demko without a rebound.
0:21 of 3rd period - Anthony Cirelli wins face-off versus Jack Hughes in COLUMBUS Blue Jackets zone.
0:21 of 3rd period - Anthony Cirelli is hit by Kyle Okposo.
0:36 of 3rd period - Blake Coleman is hit by Ryan Graves and loses puck.
0:40 of 3rd period - Icing by Ryan Graves.
0:41 of 3rd period - Lars Eller wins face-off versus Jack Hughes in NEW JERSEY Devils zone.
0:49 of 3rd period - Kailer Yamamoto is hit by Bowen Byram and loses puck.
1:13 of 3rd period - Andre Burakovsky is hit by Ryan Graves and loses puck.
2:44 of 3rd period - Shot by Ondrej Palat.
2:44 of 3rd period - Stopped by Antti Raanta without a rebound.
2:45 of 3rd period - Jake Evans wins face-off versus Ryan Donato in NEW JERSEY Devils zone.
2:45 of 3rd period - Neal Pionk is hit by Alexander Petrovic and loses puck.
2:51 of 3rd period - Minor Penalty to Alexander Petrovic for Interference.
2:52 of 3rd period - Evan Rodrigues wins face-off versus Joel Armia in NEW JERSEY Devils zone.
3:18 of 3rd period - Shot by Kailer Yamamoto.
3:18 of 3rd period - Stopped by Antti Raanta without a rebound.
3:19 of 3rd period - J.T. Compher wins face-off versus Anthony Cirelli in NEW JERSEY Devils zone.
3:30 of 3rd period - Off-side.
3:31 of 3rd period - J.T. Compher wins face-off versus Anthony Cirelli in neutral zone.
3:37 of 3rd period - Icing by Dmitry Orlov.
3:38 of 3rd period - Jack Hughes wins face-off versus Anthony Cirelli in COLUMBUS Blue Jackets zone.
3:52 of 3rd period - Icing by Dmitry Orlov.
3:53 of 3rd period - Anthony Cirelli wins face-off versus Jack Hughes in COLUMBUS Blue Jackets zone.
3:53 of 3rd period - Anthony Cirelli is hit by Kyle Okposo.
4:00 of 3rd period - Dmitry Orlov is hit by Ryan Graves and loses puck.
4:13 of 3rd period - James van Riemsdyk is hit by Blake Coleman and loses puck.
4:51 of 3rd period - Icing by Martin Fehervary.
4:52 of 3rd period - Ryan Donato wins face-off versus Jake Evans in COLUMBUS Blue Jackets zone.
5:24 of 3rd period - Icing by Chris Wideman.
5:25 of 3rd period - Ryan Donato wins face-off versus Lars Eller in NEW JERSEY Devils zone.
5:32 of 3rd period - Icing by Oskar Lindblom.
5:33 of 3rd period - Anthony Cirelli wins face-off versus Ryan Donato in NEW JERSEY Devils zone.
5:38 of 3rd period - Shot by Artturi Lehkonen.
5:38 of 3rd period - Stopped by Antti Raanta without a rebound.
5:39 of 3rd period - Anthony Cirelli wins face-off versus Jack Hughes in NEW JERSEY Devils zone.
5:50 of 3rd period - Shot by Anthony Cirelli.
5:50 of 3rd period - Stopped by Antti Raanta without a rebound.
5:51 of 3rd period - Lars Eller wins face-off versus J.T. Compher in NEW JERSEY Devils zone.
5:51 of 3rd period - Neal Pionk is hit by Adam Boqvist and loses puck.
6:02 of 3rd period - Shot by Thomas Novak.
6:02 of 3rd period - Stopped by Thatcher Demko without a rebound.
6:03 of 3rd period - Anthony Cirelli wins face-off versus Jack Hughes in COLUMBUS Blue Jackets zone.
6:30 of 3rd period - Shot by Dmitry Orlov.
6:30 of 3rd period - Stopped by Antti Raanta without a rebound.
6:31 of 3rd period - J.T. Compher wins face-off versus Lars Eller in NEW JERSEY Devils zone.
6:55 of 3rd period - J.T. Compher is hit by Martin Fehervary and loses puck.
6:58 of 3rd period - Shot by Andreas Athanasiou.
6:58 of 3rd period - Stopped by Thatcher Demko with a rebound.
7:00 of 3rd period - Shot by J.T. Compher.
7:00 of 3rd period - Goal by J.T. Compher - NEW JERSEY Devils : 4 - COLUMBUS Blue Jackets : 5.
7:01 of 3rd period - Blake Coleman wins face-off versus Jack Hughes in neutral zone.
7:06 of 3rd period - Shot by Dmitry Orlov.
7:06 of 3rd period - Stopped by Antti Raanta with a rebound.
7:08 of 3rd period - Shot by Anthony Cirelli.
7:08 of 3rd period - Stopped by Antti Raanta without a rebound.
7:09 of 3rd period - Anthony Cirelli wins face-off versus Jack Hughes in NEW JERSEY Devils zone.
7:25 of 3rd period - Artturi Lehkonen is hit by Ryan Graves and loses puck.
7:38 of 3rd period - Shot by Artturi Lehkonen.
7:38 of 3rd period - Stopped by Antti Raanta without a rebound.
7:39 of 3rd period - Eric Staal wins face-off versus J.T. Compher in NEW JERSEY Devils zone.
7:42 of 3rd period - Shot by Ondrej Palat.
7:42 of 3rd period - Shot Blocked by Adam Boqvist.
7:44 of 3rd period - Shot by Eric Staal.
7:44 of 3rd period - Stopped by Antti Raanta without a rebound.
7:45 of 3rd period - J.T. Compher wins face-off versus Lars Eller in NEW JERSEY Devils zone.
7:58 of 3rd period - Shot by J.T. Compher.
7:58 of 3rd period - Shot Misses the Net.
9:28 of 3rd period - Shot by Chris Wideman.
9:28 of 3rd period - Shot Misses the Net.
9:53 of 3rd period - Shot by Chris Wideman.
9:53 of 3rd period - Stopped by Thatcher Demko without a rebound.
9:54 of 3rd period - Anthony Cirelli wins face-off versus Gabriel Landeskog in COLUMBUS Blue Jackets zone.
10:06 of 3rd period - Shot by Miles Wood.
10:06 of 3rd period - Shot Blocked by Blake Coleman.
10:28 of 3rd period - Shot by Anthony Cirelli.
10:28 of 3rd period - Deflect By Artturi Lehkonen.
10:28 of 3rd period - Shot Misses the Net.
10:30 of 3rd period - Shot by Anthony Cirelli.
10:30 of 3rd period - Shot Misses the Net.
10:32 of 3rd period - Shot by Artturi Lehkonen.
10:32 of 3rd period - Shot Blocked by Jake Bean.
10:38 of 3rd period - Shot by Artturi Lehkonen.
10:38 of 3rd period - Stopped by Antti Raanta without a rebound.
10:39 of 3rd period - Eric Staal wins face-off versus Jack Hughes in NEW JERSEY Devils zone.
10:56 of 3rd period - Shot by James van Riemsdyk.
10:56 of 3rd period - Deflect By Jack Hughes.
10:56 of 3rd period - Stopped by Thatcher Demko without a rebound.
10:57 of 3rd period - Jake Evans wins face-off versus J.T. Compher in COLUMBUS Blue Jackets zone.
11:02 of 3rd period - Shot by Zemgus Girgensons.
11:02 of 3rd period - Shot Misses the Net.
11:11 of 3rd period - Shot by J.T. Compher.
11:11 of 3rd period - Deflect By Thomas Novak.
11:11 of 3rd period - Goal by Thomas Novak - NEW JERSEY Devils : 5 - COLUMBUS Blue Jackets : 5.
11:12 of 3rd period - Anthony Cirelli wins face-off versus Jack Hughes in neutral zone.
11:27 of 3rd period - Shot by Blake Coleman.
11:27 of 3rd period - Stopped by Antti Raanta with a rebound.
11:50 of 3rd period - Shot by Anthony Cirelli.
11:50 of 3rd period - Stopped by Antti Raanta without a rebound.
11:51 of 3rd period - J.T. Compher wins face-off versus Eric Staal in NEW JERSEY Devils zone.
12:12 of 3rd period - Eric Staal is hit by J.T. Compher and loses puck.
12:49 of 3rd period - Icing by Neal Pionk.
12:50 of 3rd period - Jake Evans wins face-off versus Jack Hughes in COLUMBUS Blue Jackets zone.
12:50 of 3rd period - Jake Evans is hit by Kyle Okposo.
12:55 of 3rd period - Icing by Travis Boyd.
12:56 of 3rd period - Jack Hughes wins face-off versus Jake Evans in COLUMBUS Blue Jackets zone.
12:56 of 3rd period - Ryan Graves is hit by Neal Pionk.
13:07 of 3rd period - Jack Hughes is hit by Martin Fehervary and loses puck.
13:14 of 3rd period - Shot by Kyle Okposo.
13:14 of 3rd period - Deflect By James van Riemsdyk.
13:14 of 3rd period - Shot Misses the Net.
13:16 of 3rd period - Shot by Ryan Graves.
13:16 of 3rd period - Shot Misses the Net.
13:18 of 3rd period - Shot by James van Riemsdyk.
13:18 of 3rd period - Shot Misses the Net.
13:20 of 3rd period - Shot by Kyle Okposo.
13:20 of 3rd period - Shot Misses the Net.
13:22 of 3rd period - Shot by Ryan Graves.
13:22 of 3rd period - Stopped by Thatcher Demko without a rebound.
13:23 of 3rd period - Anthony Cirelli wins face-off versus Ryan Donato in COLUMBUS Blue Jackets zone.
13:34 of 3rd period - Shot by Ryan Donato.
13:34 of 3rd period - Shot Blocked by Ryan Pulock.
13:36 of 3rd period - Shot by Joel Armia.
13:36 of 3rd period - Shot Misses the Net.
13:51 of 3rd period - Shot by Oskar Lindblom.
13:51 of 3rd period - Shot Blocked by Dmitry Orlov.
13:53 of 3rd period - Shot by Alexander Petrovic.
13:53 of 3rd period - Stopped by Thatcher Demko with a rebound.
13:55 of 3rd period - Shot by Joel Armia.
13:55 of 3rd period - Stopped by Thatcher Demko without a rebound.
13:56 of 3rd period - Eric Staal wins face-off versus Jack Hughes in COLUMBUS Blue Jackets zone.
15:13 of 3rd period - Icing by Jake Bean.
15:14 of 3rd period - Anthony Cirelli wins face-off versus J.T. Compher in NEW JERSEY Devils zone.
15:29 of 3rd period - Shot by Artturi Lehkonen.
15:29 of 3rd period - Shot Blocked by Thomas Novak.
15:49 of 3rd period - Shot by Oskar Lindblom.
15:49 of 3rd period - Stopped by Thatcher Demko with a rebound.
16:09 of 3rd period - Shot by Ryan Donato.
16:09 of 3rd period - Shot Blocked by Dmitry Orlov.
16:11 of 3rd period - Shot by Joel Armia.
16:11 of 3rd period - Stopped by Thatcher Demko without a rebound.
16:12 of 3rd period - Lars Eller wins face-off versus Jack Hughes in COLUMBUS Blue Jackets zone.
16:12 of 3rd period - Kailer Yamamoto is hit by Kyle Okposo and loses puck.
16:37 of 3rd period - Shot by Jack Hughes.
16:37 of 3rd period - Shot Misses the Net.
16:39 of 3rd period - Shot by Jack Hughes.
16:39 of 3rd period - Stopped by Thatcher Demko without a rebound.
16:40 of 3rd period - Jake Evans wins face-off versus Ryan Donato in COLUMBUS Blue Jackets zone.
16:40 of 3rd period - Jake Evans is hit by Joel Armia.
16:47 of 3rd period - Neal Pionk is hit by Alexander Petrovic and loses puck.
16:48 of 3rd period - Minor Penalty to Chris Wideman for Slashing.
16:49 of 3rd period - Jack Hughes wins face-off versus Evan Rodrigues in NEW JERSEY Devils zone.
17:01 of 3rd period - Shot by Ondrej Palat.
17:01 of 3rd period - Stopped by Antti Raanta without a rebound.
17:02 of 3rd period - Jack Hughes wins face-off versus Anthony Cirelli in NEW JERSEY Devils zone.
18:10 of 3rd period - Shot by Neal Pionk.
18:10 of 3rd period - Stopped by Antti Raanta with a rebound.
18:12 of 3rd period - Shot by Kailer Yamamoto.
18:12 of 3rd period - Shot Blocked by James van Riemsdyk.
18:54 of 3rd period - Shot by Calvin de Haan.
18:54 of 3rd period - Shot Misses the Net.
19:05 of 3rd period - Minor Penalty to Alexander Petrovic for Interference.
19:06 of 3rd period - Anthony Cirelli wins face-off versus Jack Hughes in NEW JERSEY Devils zone.
19:15 of 3rd period - Shot by Dmitry Orlov.
19:15 of 3rd period - Stopped by Antti Raanta without a rebound.
19:16 of 3rd period - Jack Hughes wins face-off versus Anthony Cirelli in NEW JERSEY Devils zone.
19:16 of 3rd period - Jack Hughes is hit by Artturi Lehkonen.
19:49 of 3rd period - Shot by Artturi Lehkonen.
19:49 of 3rd period - Shot Misses the Net.
Goals for this period are 2 for NEW JERSEY Devils vs 0 for COLUMBUS Blue Jackets.
Shots for this period are 14 for NEW JERSEY Devils vs 15 for COLUMBUS Blue Jackets.

Overtime #1


0:01 of 1st overtime period - Jack Hughes wins face-off versus Andre Burakovsky in neutral zone.
0:03 of 1st overtime period - Off-side.
0:04 of 1st overtime period - Jack Hughes wins face-off versus Lars Eller in neutral zone.
0:18 of 1st overtime period - Shot by Andre Burakovsky.
0:18 of 1st overtime period - Shot Blocked by Ryan Graves.
0:20 of 1st overtime period - Shot by Lars Eller.
0:20 of 1st overtime period - Stopped by Antti Raanta without a rebound.
0:21 of 1st overtime period - Lars Eller wins face-off versus Jack Hughes in NEW JERSEY Devils zone.
0:28 of 1st overtime period - Shot by Martin Fehervary.
0:28 of 1st overtime period - Shot Blocked by Jack Hughes.
0:30 of 1st overtime period - Shot by Andre Burakovsky.
0:30 of 1st overtime period - Stopped by Antti Raanta without a rebound.
0:31 of 1st overtime period - Lars Eller wins face-off versus Jack Hughes in NEW JERSEY Devils zone.
0:52 of 1st overtime period - Shot by Andre Burakovsky.
0:52 of 1st overtime period - Stopped by Antti Raanta without a rebound.
0:53 of 1st overtime period - Jack Hughes wins face-off versus Lars Eller in NEW JERSEY Devils zone.
1:18 of 1st overtime period - Shot by Artturi Lehkonen.
1:18 of 1st overtime period - Shot Blocked by J.T. Compher.
2:06 of 1st overtime period - Shot by J.T. Compher.
2:06 of 1st overtime period - Stopped by Thatcher Demko with a rebound.
2:26 of 1st overtime period - Shot by Anthony Cirelli.
2:26 of 1st overtime period - Deflect By Zemgus Girgensons.
2:26 of 1st overtime period - Shot Misses the Net.
2:28 of 1st overtime period - Shot by Zemgus Girgensons.
2:28 of 1st overtime period - Shot Misses the Net.
2:30 of 1st overtime period - Shot by Anthony Cirelli.
2:30 of 1st overtime period - Stopped by Antti Raanta with a rebound.
2:32 of 1st overtime period - Shot by Zemgus Girgensons.
2:32 of 1st overtime period - Goal by Zemgus Girgensons - NEW JERSEY Devils : 5 - COLUMBUS Blue Jackets : 6.
Goals for this period are 0 for NEW JERSEY Devils vs 1 for COLUMBUS Blue Jackets.
Shots for this period are 1 for NEW JERSEY Devils vs 5 for COLUMBUS Blue Jackets. Output by the SimonT Hockey Simulator (STHS) for Martin Benoit - Original Page W3C HTML5 Valid
Hockey Simulator - Hockey Simulation - Hockey Manager